 Dungeon Crawl Stone Soup version 0.28.0-53-g5a82cb258f (webtiles) character file.

Game seed: 9939874873268892078

78397 tizbic2 the Blocker (level 15, -2/116 (119) HPs)
             Began as an Octopode Fighter on Aug 3, 2022.
             Was the Champion of Qazlal.
             Slain by Rupert
             ... wielding a +5 battleaxe of electrocution
              (23 damage)
             ... on level 1 of the Spider Nest on Aug 4, 2022.
             The game lasted 02:06:49 (29408 turns).

tizbic2 the Blocker (Octopode Fighter)             Turns: 29408, Time: 02:06:49

HP:   -2/116 (119)  AC:  8    Str: 19    XL:     15   Next: 60%
MP:   23/28         EV: 18    Int: 11    God:    Qazlal [******]
Gold: 859           SH: 38    Dex: 25    Spells: 20/22 levels left

rFire   + . .      SeeInvis .   d - +5 spear (distort)
rCold   + . .      Faith    .   z - +4 tower shield
rNeg    + . .      Spirit   .   (helmet restricted)
rPois   .          Reflect  +   M - amulet "Mepehaynt" {Reflect Will+ SH+5}
rElec   .          Harm     .   i - ring "Xuyro" {Fly MP+9 Dex+6}
rCorr   +          Rampage  .   y - +6 ring of dexterity
Will    ++...                   u - ring of positive energy
Stlth   +.........              J - ring of protection from fire
HPRegen 0.29/turn               W - ring of resist corrosion
MPRegen 0.21/turn               P - +4 ring of protection
                                k - ring of protection from cold
                                (no ring)

@: protected from physical damage, flying, hasted, lightly drained, repel
missiles, very quick
A: almost no armour, amphibious, 8 rings, camouflage 1, gelatinous body 1,
(nimble swimmer 1), tentacles, antennae 1, low MP 1, robust 1, weak 1, wild
magic 1
a: Renounce Religion, Upheaval, Elemental Force, Disaster Area


You were on level 1 of the Spider Nest.
You worshipped Qazlal.
Qazlal was exalted by your worship.
You visited 5 branches of the dungeon, and saw 22 of its levels.
You also visited: Ice Cave.

You collected 2388 gold pieces.
You spent 1529 gold pieces at shops.

Inventory:

Hand Weapons
 d - a +5 spear of distortion (weapon)
 Q - the +8 whip "Snakebite" {venom, curare, rPois}
   (You found it on level 2 of the Lair of Beasts)

   It poisons the flesh of those it strikes.
   It occasionally inflicts asphyxiating poison on those it strikes, dealing
   poison damage and causing slowness.
   rPois:     It protects you from poison.
Missiles
 c - 482 stones
 f - a throwing net
 m - 36 poisoned darts
 t - 27 boomerangs (quivered)
 K - 6 curare-tipped darts
Armour
 a - a +1 buckler
 z - a +4 tower shield (worn)
Jewellery
 i - the ring "Xuyro" (left tentacle) {Fly MP+9 Dex+6}
   (You acquired it on level 5 of the Dungeon)

   [ring of flight]

   Dex:       It affects your dexterity (+6).
   MP:        It affects your magic capacity (+9).
   Fly:       It grants you flight.
 k - a ring of protection from cold (on tentacle)
 u - a ring of positive energy (on tentacle)
 y - a +6 ring of dexterity (right tentacle)
 I - a ring of magical power
 J - a ring of protection from fire (on tentacle)
 M - the amulet "Mepehaynt" (around mantle) {Reflect Will+ SH+5}
   (You bought it in a shop on level 2 of the Orcish Mines)

   [amulet of reflection]

   It reflects blocked missile attacks.
   SH:        It affects your SH (+5).
   Will:      It increases your willpower.
 P - a +4 ring of protection (on tentacle)
 V - an amulet of magic regeneration
 W - a ring of resist corrosion (on tentacle)
Wands
 p - a wand of flame (31)
 v - a wand of mindburst (50)
 B - a wand of iceblast (2)
 D - a wand of polymorph (18)
 E - a wand of digging (5)
 G - a wand of charming (6)
 N - a wand of acid (15)
Scrolls
 e - 3 scrolls of fog
 g - 4 scrolls of magic mapping
 h - 3 scrolls of vulnerability
 j - 3 scrolls of teleportation
 o - 3 scrolls of noise
 q - 2 scrolls of torment
 r - 2 scrolls of amnesia
 x - 8 scrolls of immolation
 C - a scroll of holy word
 L - 3 scrolls of fear
Potions
 b - 2 potions of might
 l - 5 potions of brilliance
 n - a potion of invisibility
 s - 8 potions of curing
 A - 2 potions of berserk rage
 F - 2 potions of resistance
 H - 2 potions of mutation
 O - 3 potions of attraction
 S - a potion of haste
 T - a potion of cancellation {unknown}
Miscellaneous
 U - a box of beasts
 X - a lightning rod (4/4)


   Skills:
 + Level 12.5 Fighting
 - Level 12.0 Polearms
 - Level 4.8 Throwing
 - Level 8.8 Dodging
 * Level 13.1 Shields
 - Level 10.4 Unarmed Combat
 + Level 4.3 Spellcasting
 + Level 2.6 Hexes
 - Level 4.9 Air Magic
 - Level 7.7 Poison Magic
 - Level 5.8 Invocations


You had 20 spell levels left.
You knew the following spells:

 Your Spells              Type           Power      Damage    Failure   Level
a - Poisonous Vapours     Pois/Air       42%        N/A       17%         2

Your spell library contained the following spells:

 Spells                   Type           Power      Damage    Failure   Level
 Corpse Rot               Necr/Air       20%        N/A       58%         2
 Animate Skeleton         Necr           6%         N/A       77%         1
 Apportation              Tloc           6%         N/A       77%         1
 Summon Small Mammal      Summ           12%        N/A       77%         1
 Tukima's Dance           Hex            10%        N/A       78%         3
 Cause Fear               Hex            5%         N/A       99%         4
 Passage of Golubria      Tloc           3%         N/A       100%        4
 Summon Forest            Summ/Tloc      1%         N/A       100%        5
 Summon Mana Viper        Hex/Summ       6%         N/A       100%        5
 Yara's Violent Unravell  Hex/Tmut       3%         3d4       100%        5
 Summon Cactus Giant      Summ           1%         N/A       100%        6
 Dragon Form              Tmut           1%         N/A       100%        7
 Dragon's Call            Summ           1%         N/A       100%        9


Dungeon Overview and Level Annotations

Branches:
Dungeon (12/15)            Temple (0/1) D:7            Lair (6/6) D:11
 Shoals (1/4) Lair:3       Spider (1/4) Lair:3        Slime (0/5) Lair:5
    Orc (2/2) D:10            Elf (0/3) Orc:2         IceCv (visited)

Altars:
Ashenzari
Elyvilon
Fedhas
Hepliaklqana
Kikubaaqudgha
Makhleb
Nemelex Xobeh
Okawaru
Qazlal
Trog
Wu Jian
Xom
Yredelemnul

Shops:
D:1 *   D:3 =   D:5 ?   D:9 ?[?   D:10 ?   D:12 ?   Orc:1 [   Orc:2 !=*(

Portals:
Hell: Lair:6

Annotations:
D:9 Erica
D:11 2 runed translucent doors, exclusion: orange crystal statue
D:12 Frances
Lair:6 1 runed translucent door, Razfen's ghost, journeyman GnWn
Shoals:1 Aizul
Spider:1 Rupert
Abyss:1 Josephine, Urug


Innate Abilities, Weirdness & Mutations

You cannot wear most types of armour.
You are amphibious.
You can wear up to eight rings at the same time.
Your skin changes colour to match your surroundings (Stealth+).
Your rubbery body absorbs attacks. (AC +1, EV +1)
((You are camouflaged when in or above water. (Stealth+)))
You have tentacles for arms and can constrict up to eight enemies at once.
You have a pair of small antennae on your head.
Your magical capacity is low. (-10% MP)
You are robust. (+10% HP)
You are weak. (Str -2)
Your spells are a little harder to cast, but a little more powerful.


Message History

The pharaoh ant binds the souls of nearby monsters.
You hit Rupert.
Space warps horribly around Rupert!!
Your grab misses Rupert.
Rupert is lightly wounded.
You hear an angry hiss.
You block the jumping spider's attack. x2
Rupert hits you with a +5 battleaxe of electrocution!!
* * * LOW HITPOINT WARNING * * *
Your resistance to physical damage fades away.
You feel protected from electricity.
You are electrocuted!
* * * LOW HITPOINT WARNING * * *
A tarantella comes into view.
As you read the scroll of teleportation, it crumbles to dust.
You feel strangely unstable. You block Rupert's attack.
You block the jumping spider's attack. The jumping spider bites you.
* * * LOW HITPOINT WARNING * * *
Your resistance to electricity fades away.
You feel protected from physical attacks.
You block Rupert's attack.
You feel yourself speed up.
You hear an angry hiss. x2
The jumping spider leaps!
You block Rupert's attack.
You hear an angry hiss. x3; You hear an angry buzzing noise.
Your surroundings seem slightly different.
You block the culicivora's attack.
Rupert is engulfed in freezing vapours.
You block Rupert's attack.
Unknown command.
You hear an angry hiss.
Rupert is engulfed in freezing vapours.
The jumping spider leaps!
You hear an angry hiss. x2
You hear an angry hiss. x2
Cornered, the tarantella turns to fight!
Found a wand of flame (6).
The jumping spider's wounds heal themselves!
Activating: Elemental Force (5% risk of failure)
Press: ? - help, Dir - look around, f - activate Clouds arounds you coalesce and take form!
The culicivora is engulfed in blazing flames.
Rupert hits you with a +5 battleaxe of electrocution!!
You die...

.. .B##.. #./
...#.. ##
..##...... ##.#
.......... #...###.
.○.....
#...°.###s.... .
##○....§...#####...
#...ss°s...........
#..E@@°.##.<.......
##.☼^###.##........
##### ....s......
......>..y#
.........#.
.......#.##
####....#... s..^.#
..


You could see Rupert (berserk, soul bound), a culicivora (soul bound), a jumping
spider (soul bound), 2 tarantellas and a friendly fire elemental (summoned).

Vanquished Creatures
  3 hydras
  A catoblepas (Lair:5)
  4 orc high priests (Orc:2)
  4 death yaks
  Sonja (Lair:6)
  A sea snake (Lair:3)
  A pharaoh ant (Spider:1)
  A deep elf pyromancer (D:12)
  5 orc knights (Orc:2)
  3 wolf spiders
  4 ugly things
  2 cyclopes (D:11)
  A manticore (Shoals:1)
  11 elephants
  2 merfolk sirens (Lair:3)
  3 black mambas
  2 orange demons (Lair:6)
  The ghost of Valamore the Destroyer, a novice DECj of Vehumet (D:6)
  An ice statue (IceCv)
  14 cane toads
  A kobold demonologist (D:12)
  A freezing wraith (IceCv)
  5 komodo dragons
  5 rime drakes
  An ice devil (Lair:6)
  3 polar bears
  3 red devils (Lair:6)
  3 trolls
  3 hornets (Lair:4)
  Grinder (D:5)
  21 blink frogs
  7 slime creatures (D:12)
  9 dream sheep
  10 spriggans (Lair:4)
  A shadow (D:10)
  4 wraiths
  2 culicivoras (Lair:3)
  33 yaks
  A basilisk (Lair:6)
  2 redbacks (Lair:3)
  5 vampire mosquitoes
  A death yak simulacrum (IceCv)
  Grum (Lair:1)
  4 acid dragons
  3 hell hounds (Lair:6)
  20 water moccasins
  27 orc warriors
  An ice beast (D:7)
  12 wolves
  4 ogres
  3 boggarts (Lair:4)
  5 necrophages
  4 centaurs
  A phantom (D:7)
  3 kobold brigands
  12 bullfrogs
  2 gnoll sergeants
  A cane toad simulacrum (IceCv)
  3 elephant simulacra
  3 electric eels (D:11)
  4 wights (D:9)
  4 howler monkeys
  2 bullfrog zombies (D:6)
  8 hounds
  7 centaur zombies
  2 jellies
  26 orc priests
  A centaur skeleton (D:7)
  Jessica (D:2)
  2 iguanas
  20 orc wizards
  Natasha (thrice) (D:2)
  A polar bear simulacrum (Lair:4)
  A killer bee zombie (D:6)
  A wolf simulacrum (Lair:4)
  11 gnolls
  6 adders
  73 orcs
  7 ball pythons
  2 bats (D:2)
  9 endoplasms
  4 goblins
  4 hobgoblins
  9 jackals
  2 quokkas
  2 frilled lizards
  26 kobolds
  5 rats
539 creatures vanquished.

Vanquished Creatures (collateral kills)
  An orc warrior (Orc:2)
  4 orc priests (Orc:2)
  4 orcs (Orc:2)
9 creatures vanquished.

Vanquished Creatures (others)
  A human (D:9)
  A bush (D:6)
  29 fungi
  52 plants
83 creatures vanquished.

Grand Total: 631 creatures vanquished

Notes
Turn   | Place    | Note
-------+----------+-------------------------------------------
     0 | D:1      | tizbic2 the Octopode Fighter began the quest for the Orb.
     0 | D:1      | Reached XP level 1. HP: 16/16 MP: 1/1
   105 | D:1      | Reached XP level 2. HP: 18/21 MP: 2/2
   412 | D:1      | Found Koja's General Store.
   863 | D:2      | Noticed Natasha
   870 | D:2      | Killed Natasha
   871 | D:2      | Reached skill level 1 in Polearms
   871 | D:2      | Reached XP level 3. HP: 4/26 MP: 3/3
  1196 | D:2      | Found a faded altar of an unknown god.
  1210 | D:2      | Noticed Natasha
  1219 | D:2      | Killed Natasha
  1220 | D:2      | Reached XP level 4. HP: 20/31 MP: 4/4
  1225 | D:2      | Prayed at the altar of an unknown god.
  1225 | D:2      | Became a worshipper of Qazlal Stormbringer
  1225 | D:2      | Reached * piety under Qazlal
  1392 | D:2      | Noticed Jessica
  1403 | D:2      | Killed Jessica
  1541 | D:2      | Reached XP level 5. HP: 36/36 MP: 5/5
  1602 | D:2      | Noticed Natasha
  1604 | D:2      | Killed Natasha
  1921 | D:3      | Found Fiweseceung's Jewellery Emporium.
  2253 | D:3      | Found a hazy altar of Hepliaklqana.
  2455 | D:4      | Reached XP level 6. HP: 42/43 MP: 6/6
  2800 | D:5      | Entered Level 5 of the Dungeon
  2896 | D:5      | Noticed Grinder
  2902 | D:5      | Found Ycumnow's Magic Scroll Boutique.
  3050 | D:5      | Reached skill level 4 in Shields
  3052 | D:5      | Reached ** piety under Qazlal
  3402 | D:5      | Paralysed by Grinder for 4 turns
  3407 | D:5      | Paralysed by Grinder for 3 turns
  3415 | D:5      | Killed Grinder
  3416 | D:5      | Reached XP level 7. HP: 30/48 MP: 7/7
  3612 | D:5      | Identified a scroll of acquirement
  3614 | D:5      | Acquired the ring "Xuyro" {Fly MP+9 Dex+6}
  3775 | D:5      | Bought a scroll of identify for 24 gold pieces
  3775 | D:5      | Bought a scroll of identify for 24 gold pieces
  3775 | D:5      | Bought 3 scrolls of identify for 72 gold pieces
  3775 | D:5      | Bought a scroll of identify for 24 gold pieces
  3775 | D:5      | Bought a scroll of identify for 24 gold pieces
  3789 | D:5      | Gained mutation: Potions are less effective at restoring
                  | your health. [potion of mutation]
  3789 | D:5      | Gained mutation: You are clumsy. (Dex -2) [potion of
                  | mutation]
  3789 | D:5      | Gained mutation: One of your tentacles bears a spike.
                  | [potion of mutation]
  3791 | D:5      | Lost mutation: Potions are less effective at restoring your
                  | health. [potion of mutation]
  3791 | D:5      | Lost mutation: One of your tentacles bears a spike. [potion
                  | of mutation]
  3791 | D:5      | Gained mutation: You do not regenerate when monsters are
                  | visible. [potion of mutation]
  3791 | D:5      | Lost mutation: You are clumsy. (Dex -2) [potion of
                  | mutation]
  4225 | D:6      | Reached skill level 5 in Polearms
  4225 | D:6      | Reached XP level 8. HP: 37/54 MP: 8/8
  4531 | D:6      | Reached skill level 5 in Dodging
  4552 | D:6      | Reached skill level 5 in Fighting
  4586 | D:6      | Found a blossoming altar of Fedhas.
  4629 | D:6      | Reached skill level 5 in Unarmed Combat
  4657 | D:6      | Found a runed translucent door.
  4660 | D:6      | Noticed Valamore's ghost (novice DECj)
  4669 | D:6      | Killed Valamore's ghost
  4670 | D:6      | Reached XP level 9. HP: 54/62 MP: 9/9
  4724 | D:6      | Found an ornate altar of the Wu Jian Council.
  4730 | D:6      | Noticed a spectral centipede
  5096 | D:6      | Reached *** piety under Qazlal
  5332 | D:7      | Found an iron altar of Okawaru.
  5408 | D:7      | Found a staircase to the Ecumenical Temple.
  5603 | D:7      | Lost mutation: You do not regenerate when monsters are
                  | visible. [potion of mutation]
  5603 | D:7      | Gained mutation: You are robust. (+10% HP) [potion of
                  | mutation]
  5603 | D:7      | Gained mutation: Your magical capacity is low. (-10% MP)
                  | [potion of mutation]
  5603 | D:7      | Gained mutation: You have a pair of small antennae on your
                  | head. [potion of mutation]
  6098 | D:8      | Found a bloodstained altar of Trog.
  6345 | D:8      | Found a basalt altar of Yredelemnul.
  6591 | D:8      | Reached XP level 10. HP: 68/75 MP: 9/9
  6858 | D:8      | Found a white marble altar of Elyvilon.
  6872 | D:8      | Found a sparkling altar of Nemelex Xobeh.
  7090 | D:9      | Reached skill level 1 in Invocations
  7090 | D:9      | Found Wenosos's Magic Scroll Boutique.
  7166 | D:9      | Found Lusi's Armour Boutique.
  7172 | D:9      | Bought a +0 tower shield for 58 gold pieces
  8920 | D:9      | Found a stormy altar of Qazlal.
  8976 | D:9      | Found Zarone's Magic Scroll Boutique.
  9297 | D:9      | Noticed Erica
  9724 | D:9      | Reached **** piety under Qazlal
  9764 | D:9      | Found an ancient bone altar of Kikubaaqudgha.
  9909 | D:9      | HP: 2/78 [something (5)]
 10332 | D:10     | Entered Level 10 of the Dungeon
 10517 | D:10     | Found a broken altar of Ashenzari.
 11138 | D:10     | Found a staircase to the Orcish Mines.
 11251 | D:10     | Found Tennuuti's Magic Scroll Shop.
 11417 | D:1      | Bought a scroll of enchant armour for 90 gold pieces
 11485 | D:5      | Bought a scroll of enchant armour for 90 gold pieces
 11777 | D:10     | Found a shimmering altar of Xom.
 12027 | D:11     | Noticed a boulder beetle
 12029 | D:11     | Found a runed translucent door.
 12036 | D:11     | Noticed a white ugly thing
 12043 | D:11     | Killed a white ugly thing
 12046 | D:11     | Reached skill level 5 in Shields
 12298 | D:11     | Noticed a sea snake
 12379 | D:11     | Noticed a cyclops
 12683 | D:11     | Reached XP level 11. HP: 78/82 MP: 12/12
 12764 | D:11     | Noticed a cyclops
 13059 | D:11     | Reached skill level 10 in Polearms
 13297 | D:11     | Found a runed translucent door.
 13319 | D:11     | Found a runed translucent door.
 13333 | D:11     | Noticed a fire dragon
 13354 | D:11     | Noticed a purple ugly thing
 13361 | D:11     | Killed a purple ugly thing
 13667 | D:12     | Noticed a two-headed ogre
 13673 | D:12     | Banished a two-headed ogre
 13674 | D:12     | Reached skill level 6 in Shields
 13694 | D:12     | Noticed Josephine
 13695 | D:12     | Banished Josephine
 13723 | D:12     | Noticed a green ugly thing
 13730 | D:12     | Killed a green ugly thing
 13731 | D:12     | Reached skill level 5 in Invocations
 13751 | D:12     | Noticed a deep elf pyromancer
 13756 | D:12     | Killed a deep elf pyromancer
 13903 | D:12     | Reached XP level 12. HP: 79/92 MP: 14/14
 13923 | D:12     | Noticed a soul eater
 14272 | D:12     | Noticed Frances
 14279 | D:12     | Gained mutation: Your spells are a little harder to cast,
                  | but a little more powerful. [a neqoxec]
 14282 | D:12     | Gained mutation: You are weak. (Str -2) [a neqoxec]
 14312 | D:12     | Found Daivit's Magic Scroll Emporium.
 14317 | D:12     | Bought a scroll of enchant weapon for 90 gold pieces
 14317 | D:12     | Bought a scroll of enchant weapon for 90 gold pieces
 14347 | D:11     | Found a runed translucent door.
 14492 | D:11     | Found a staircase to the Lair.
 15473 | D:11     | Identified the +2 pair of gloves of Satisfaction {rC+ Str+9
                  | Dex+3}
 15503 | D:11     | Banished a boulder beetle
 15504 | D:11     | Reached skill level 1 in Spellcasting
 15849 | Orc:1    | Entered Level 1 of the Orcish Mines
 15943 | Orc:2    | Entered Level 2 of the Orcish Mines
 16157 | Orc:2    | Reached skill level 7 in Shields
 16283 | Orc:2    | Found a staircase to the Elven Halls.
 16345 | Orc:2    | Reached ***** piety under Qazlal
 16900 | Orc:2    | Noticed an orc high priest
 16963 | Orc:1    | Found Oqihoamy's Armour Shoppe.
 17257 | Orc:2    | Killed an orc high priest
 17615 | Orc:2    | Reached XP level 13. HP: 88/99 MP: 16/16
 17637 | Orc:2    | Reached skill level 1 in Throwing
 17954 | Orc:2    | Reached skill level 8 in Shields
 18058 | Orc:2    | Found Tytuoxenn's Weapon Emporium.
 18058 | Orc:2    | Found Xogaanem's Distillery.
 18059 | Orc:2    | Found Bymezxa's Assorted Antiques.
 18059 | Orc:2    | Found Kiraz's Jewellery Emporium.
 18073 | Orc:2    | Bought the amulet "Mepehaynt" {Reflect Will+ SH+5} for 511
                  | gold pieces
 18525 | Orc:1    | Reached skill level 1 in Poison Magic
 18834 | Lair:1   | Entered Level 1 of the Lair of Beasts
 18858 | Lair:1   | Noticed Urug
 18864 | Lair:1   | Reached skill level 10 in Fighting
 18867 | Lair:1   | Banished Urug
 18908 | Lair:1   | Reached skill level 10 in Unarmed Combat
 19358 | Lair:1   | Reached skill level 5 in Poison Magic
 19406 | Lair:1   | Identified the +1 whip "Tibuihyo" {venom, rN+ Str+3 Dex+4}
 19541 | Lair:1   | Noticed Grum
 19547 | Lair:1   | Killed Grum
 20028 | Lair:2   | Reached skill level 9 in Shields
 20386 | Orc:2    | Bought a +4 ring of protection for 432 gold pieces
 20694 | Lair:2   | Reached XP level 14. HP: 80/108 MP: 17/17
 20809 | Lair:2   | Found the +8 whip "Snakebite" {venom, curare, rPois}
 21722 | Lair:3   | Found a staircase to the Shoals.
 21787 | Lair:3   | Learned a level 2 spell: Poisonous Vapours
 21884 | Lair:3   | Reached skill level 10 in Shields
 21884 | Lair:3   | Found a hole to the Spider Nest.
 23757 | Lair:4   | Found a frozen archway.
 23781 | IceCv    | Entered an ice cave
 23782 | IceCv    | Found a transporter.
 23794 | IceCv    | Reached skill level 1 in Air Magic
 23941 | IceCv    | Found a transporter.
 24152 | Lair:4   | Reached ****** piety under Qazlal
 24185 | Lair:4   | Reached skill level 11 in Shields
 25589 | Lair:5   | Found a staircase to the Slime Pits.
 26446 | Lair:6   | Entered Level 6 of the Lair of Beasts
 26781 | Lair:6   | Noticed Sonja
 26950 | Lair:6   | Killed Sonja
 26954 | Lair:6   | Reached skill level 12 in Shields
 26959 | Lair:5   | Reached XP level 15. HP: 104/118 MP: 18/18
 27502 | Lair:6   | Found a burning altar of Makhleb.
 27656 | Lair:6   | Found a gateway to Hell.
 27905 | Lair:6   | Reached skill level 1 in Hexes
 28184 | Lair:6   | Reached skill level 13 in Shields
 28485 | Lair:6   | Noticed Razfen's ghost (journeyman GnWn)
 28489 | Lair:6   | Found a runed translucent door.
 28835 | Shoals:1 | Entered Level 1 of the Shoals
 29097 | Shoals:1 | Noticed Aizul
 29380 | Spider:1 | Entered Level 1 of the Spider Nest
 29381 | Spider:1 | Noticed Rupert
 29408 | Spider:1 | Slain by Rupert

Illustrated notes

Levels and vault maps discovered:
D:1:      wander_arrival_desolate, layout_loops_corners, serial_shops,
          nicolae_shop_crystal
D:2:      layout_loops_ring, chequers_ecumenical_altar_island, uniq_jessica,
          uniq_natasha
D:3:      layout_basic, general_overflow_altar, serial_shops,
          nicolae_shop_behind_doors
D:4:      layout_cave_pools
D:5:      layout_gridville, serial_shops, shop, kennysheep_nondescript,
          hangedman_decor_diamond_cutter, uniq_grinder
D:6:      layout_rooms, fedhas_altar_decomposition,
          pdpol_wu_jian_five_deadly_venoms, ebering_ghost_reflecting_pool
D:7:      layout_rooms, kennysheep_little_box, minmay_temple_entry_mist
D:8:      layout_basic, kennysheep_mini_moat, mainiacjoe_overflow_brackets,
          yredelemnul_altar_generic, nemelex_altar_shiori,
          serial_co_window_serial, co_window_corner_a,
          co_window_of_opportunity_a, co_window_cross_1, co_window_corner_a,
          co_window_paths_a, co_window_corner_a, co_window_paths_b,
          co_window_paths_a, co_window_cross_1, co_window_paths_c,
          co_window_cross_4, co_window_unsneaky_path_e, co_window_corner_b,
          co_window_corner_b, co_window_corner_b, glass_columns_a,
          glass_columns_a, glass_columns_c, glass_columns_a, glass_columns_c
D:9:      layout_loops_corners, nicolae_qazlal_style_of_elements,
          tgw_kikubaaqudgha, serial_shops, nicolae_shop_stone, shop,
          nicolae_shop_temple_entry_statues_fountains, minmay_misc_feat_pillars,
          uniq_erica
D:10:     layout_big_octagon, overflow_temple_1_default,
          ashenzari_conservatory_becter, orc_0_dummy, serial_shops,
          shop_fountains, grunt_decor_resistance, kennysheep_generic_room_2
D:11:     cheibrodos_barr_body, layout_basic, erik_lair_island, serial_aquarium,
          aquarium_bridge_straight [aquarium_subvault_bridge,
          aquarium_subvault_wall, aquarium_subvault_bridge,
          aquarium_subvault_wall], aquarium_bridge_square
          [aquarium_subvault_window, aquarium_subvault_wall,
          aquarium_subvault_bridge, aquarium_subvault_balcony],
          aquarium_window_corridor_2, aquarium_window_corner, aquarium_window_1,
          aquarium_view_2e, aquarium_balcony_3a, minmay_statue_crystal_thing
D:12:     layout_roguey, serial_shops, shop, uniq_josephine, uniq_frances
Lair:1:   layout_chaotic_city, grunt_megastairs_1, uniq_urug, uniq_grum
Lair:2:   minmay_guarded_unrand_snakebite, layout_small_grid
Lair:3:   layout_layer_cave, elwin_shoals_entry_rooms,
          spider_nest_entry_funnel_web, grunt_megastairs_2
Lair:4:   kb_forest_paths, layout_regular_city,
          portal_ice_cave_entry_ice_simulacra
Lair:5:   layout_layer_cave, slime_dummy
Lair:6:   evil_forest, layout_loops_ring, hellmonk_ghost_happy_afterlife,
          nicolae_lair_run_with_the_wolves, uniq_sonja
Shoals:1: layout_shoals, uniq_aizul, uniq_kirke
Spider:1: layout_spider_delve, uniq_rupert
Orc:1:    layout_diamond_mine, serial_shops, shop_statue
Orc:2:    st_orc_pillars, layout_diamond_mine, library_closet

Skill      XL: |  1  2  3  4  5  6  7  8  9 10 11 12 13 14 15 |
---------------+----------------------------------------------+-----
Polearms       | 1 2 4 5 6 8 9 11 12 | 12.0
Unarmed Combat | 3 4 5 6 7 8 9 10 | 10.4
Dodging        | 4 5 6 7 8 |  8.8
Shields        | 4 5 6 7 9 12 13 | 13.1
Fighting       | 4 5 6 7 8 9 10 11 12 | 12.5
Invocations    | 3 5 |  5.8
Spellcasting   | 3 4 |  4.3
Throwing       | 3 4 |  4.8
Poison Magic   | 6 7 |  7.7
Air Magic      | 4 |  4.9
Hexes          | 2 |  2.6

Action                   |  1- 3 |  4- 6 |  7- 9 | 10-12 | 13-15 || total
-------------------------+-------+-------+-------+-------+-------++-------
Melee: Unarmed           |    11 |       |       |       |       ||    11
       Constrict         |     9 |    14 |    31 |    89 |   138 ||   281
       Tentacles         |     6 |    10 |    35 |   159 |   272 ||   482
       Spear             |    37 |    72 |   182 |   565 |   812 ||  1668
       Punch             |       |     1 |    14 |    47 |    91 ||   153
Throw: Stone             |       |    12 |    22 |    11 |     1 ||    46
       Dart              |       |     1 |     3 |     3 |       ||     7
       Boomerang         |       |       |     1 |     3 |     4 ||     8
 Cast: Poisonous Vapours |       |       |       |       |     2 ||     2
Invok: Elemental Force   |       |       |       |     1 |     1 ||     2
Evoke: Wand              |       |       |     1 |       |       ||     1
  Use: Scroll            |     2 |     1 |    12 |    17 |     9 ||    41
       Potion            |       |       |     6 |     4 |     1 ||    11
 Stab: Sleeping          |     9 |       |       |       |       ||     9
Armor: Skin              |     1 |     2 |     4 |     2 |    34 ||    43
Dodge: Dodged            |    19 |    27 |    57 |   158 |   165 ||   426
       Repelled          |       |       |       |     1 |     5 ||     6
Block: Buckler           |     4 |    16 |    57 |    15 |       ||    92
       Tower shield      |       |       |       |   479 |  1097 ||  1576
       Reflection        |       |       |       |     7 |    23 ||    30
